 Dungeon Crawl Stone Soup version 0.25-a0-277-g7046ed1b37 (webtiles) character file.

Game seed: 6521562179961649240, levelgen mode: deterministic

246 Gargoyl the Skirmisher (level 5, -4/46 HPs)
             Began as a Centaur Abyssal Knight on Dec 9, 2019.
             Was a Believer of Lugonu.
             Slain by a worker ant (6 damage)
             ... on level 3 of the Dungeon.
             The game lasted 00:04:47 (2916 turns).

Gargoyl the Skirmisher (Centaur Abyssal Knight)     Turns: 2916, Time: 00:04:48

Health: -4/46      AC:  4    Str: 14    XL:     5   Next: 84%
Magic:  7/7        EV:  6    Int: 20    God:    Lugonu [**....]
Gold:   108        SH:  6    Dex: 10    Spells: 4/4 levels left

rFire    . . .     SeeInvis .   a - +2 hand axe
rCold    . . .     Gourm    .   i - +0 shield
rNeg     . . .     Faith    .   k - +0 leather armour (curse)
rPois    .         Spirit   .   (no helmet)
rElec    .         Reflect  .   (no cloak)
rCorr    .         Harm     .   (no gloves)
MR       .....                  (no barding)
Stlth    ..........             (no amulet)
HPRegen  0.15/turn              m - +4 ring of intelligence
MPRegen  0.10/turn              (no ring)

@: brilliant, lethally poisoned (-4 -> -14), very slightly contaminated,
invisible (expiring), very quick
A: large, hooves 3, deformed body, speed 2, tough skin 3
a: Depart the Abyss, Bend Space, Renounce Religion


You were on level 3 of the Dungeon.
You worshipped Lugonu.
Lugonu was pleased with you.
You were very hungry.

You visited 1 branch of the dungeon, and saw 4 of its levels.
You visited the Abyss 1 time.

You collected 108 gold pieces.

Inventory:

Hand Weapons
 a - a +2 hand axe (weapon)
Armour
 e - a +1 ring mail
 i - a +0 shield (worn)
 k - a cursed +0 leather armour (worn)
Jewellery
 m - a +4 ring of intelligence (left hand)
Scrolls
 j - 2 scrolls of teleportation
 n - a scroll of identify
Potions
 b - a potion of magic
 d - 2 potions of flight
 h - 3 potions of curing
 l - a potion of heal wounds {unknown}
Comestibles
 c - 4 rations


   Skills:
 + Level 3.7 Fighting
 + Level 3.1 Axes
 * Level 2.8 Armour
 * Level 1.6 Dodging
 + Level 0.1 Shields
 * Level 3.0 Invocations


You had 4 spell levels left.
You didn't know any spells.
Your spell library was empty.

Dungeon Overview and Level Annotations

Branches:
Dungeon (4/15)
 Temple: D:4-7

Altars:
Gozag

Shops:
D:4 (


Innate Abilities, Weirdness & Mutations

You have hooves in place of feet.
Armour fits poorly on your strangely shaped body.
You cover ground very quickly.
You have extremely tough skin. (AC +3)


Message History

The worker ant bites you.
You are poisoned.
The worker ant poisons you!
You hit the worker ant. Your kick misses the worker ant.
The worker ant is heavily wounded.
You feel sick. You block the worker ant's attack. The worker ant bites you.
* * * LOW HITPOINT WARNING * * *
You are lethally poisoned!
The worker ant poisons you!
You closely miss the worker ant. You kick the worker ant.
The worker ant is heavily wounded.
* * * LOW HITPOINT WARNING * * *
You feel sick. The worker ant bites you.
* * * LOW HITPOINT WARNING * * *
You barely miss the worker ant.
The worker ant is heavily wounded.
You flicker for a moment.
* * * LOW HITPOINT WARNING * * *
You feel sick. The worker ant barely misses you. The worker ant bites you.
You die...

#.# #.# #.# ######.# #.# #.>..#.#
##########.###....#<#
.....(............[.#
.#########.......(..# ######## .#
####.......# #≈....≈. .#
###...########.≈.≈... .#########
#.@a.<.†>...≈≈≈≈≈≈≈
.........################...≈≈≈≈≈
..######.##....# #...≈≈≈≈≈ #.#
#.##.##.# ##..≈≈≈≈≈ #.# #.#...#.#
######≈.≈≈≈♣_ #.######..#.#..#
#...)..≈≈≈≈♣. ............##.#
#.####≈≈≈≈≈≈≈ ..#####.#.###..#
#.# #≈≈≈≈≈≈≈ ### #.##.#.#.# #.#
#≈.≈≈≈≈≈


You could see a worker ant.

Vanquished Creatures
  Sigmund (D:3)
  3 adders
  2 oozes (D:1)
  A worm (D:2)
  A dart slug (D:1)
  An orc (D:3)
  2 ball pythons
  7 bats
  A giant cockroach (D:4)
  7 goblins (D:1)
  3 hobgoblins
  6 jackals
  A quokka (D:2)
  4 frilled lizards
  3 kobolds
  5 rats
48 creatures vanquished.

Vanquished Creatures (others)
  2 starspawn tentacles (Abyss:1)
2 creatures vanquished.

Grand Total: 50 creatures vanquished

Notes
Turn   | Place    | Note
-------+----------+-------------------------------------------
     0 | Abyss:1  | Gargoyl the Centaur Abyssal Knight began the quest for the
                  | Orb.
     0 | Abyss:1  | Reached XP level 1. HP: 19/19 MP: 2/2
    13 | Abyss:1  | Found a corrupted altar of Lugonu.
    85 | Abyss:1  | Noticed a large abomination
   126 | Abyss:1  | Noticed a quasit
   149 | Abyss:1  | Noticed a tentacled starspawn
   193 | Abyss:1  | Noticed a snapping turtle zombie
   201 | Abyss:1  | Noticed a small abomination
   253 | Abyss:1  | Noticed a small abomination
   259 | Abyss:1  | Noticed a vampire
   260 | D:1      | Escaped the Abyss
   517 | D:1      | Reached * piety under Lugonu
   517 | D:1      | Reached XP level 2. HP: 22/26 MP: 3/3
   984 | D:1      | Reached skill level 1 in Dodging
   984 | D:1      | Reached XP level 3. HP: 31/31 MP: 4/4
  2217 | D:3      | Reached ** piety under Lugonu
  2280 | D:3      | Reached XP level 4. HP: 38/38 MP: 5/5
  2282 | D:3      | Found a faded altar of an unknown god.
  2377 | D:3      | Noticed Sigmund
  2388 | D:3      | Killed Sigmund
  2388 | D:3      | Reached XP level 5. HP: 27/46 MP: 5/7
  2692 | D:3      | Found an opulent altar of Gozag.
  2845 | D:4      | Found Edgheeth's Weapon Boutique.
  2846 | D:4      | Noticed a phantom
  2916 | D:3      | HP: 2/46 [poisoned by a worker ant]
  2916 | D:3      | Slain by a worker ant

Levels and vault maps discovered:
D:1:      erik_arrival_gehennom, layout_basic, minivault_19, minmay_bisected
D:2:      layout_basic
D:3:      layout_loops_ring, chequers_ecumenical_altar_island,
          grunt_gozag_breadcrumbs, uniq_sigmund
D:4:      layout_rooms, serial_shops, shop

Skill      XL: |  1  2  3  4 |
---------------+-------------+-----
Axes           | 2 3 |  3.1
Dodging        | 1 |  1.6
Armour         | 2 |  2.8
Invocations    | 3 |  3.0
Fighting       | |  3.7
Shields        | |  0.1

Action                   |  1- 3 |  4- 6 || total
-------------------------+-------+-------++-------
Melee: Hand axe          |    97 |    28 ||   125
       Kick              |    14 |    10 ||    24
Invok: Depart the Abyss  |     1 |       ||     1
  Use: Potion            |     2 |     3 ||     5
       Scroll            |     7 |     3 ||    10
  Eat: Chunk             |     2 |     1 ||     3
Armor: Leather armour    |    13 |     4 ||    17
       Ring mail         |    36 |     1 ||    37
Dodge: Dodged            |    34 |     7 ||    41
Block: Shield            |     3 |     6 ||     9

Table legend:
 A = Non-vault XP
 B = Vault XP
 C = Vault XP percentage of total XP
 D = Non-vault monster count
 E = Vault monster count
 F = Vault count percentage of total count
                 A         B        C        D         E       F
            +---------+---------+-------+---------+---------+-------
      Total |     107 |     245 |  69.6 |      38 |      10 |  20.8
            +---------+---------+-------+---------+---------+-------
        D:1 |      27 |      22 |  44.9 |      14 |       9 |  39.1
        D:2 |      40 |       0 |   0.0 |      15 |       0 |   0.0
        D:3 |      38 |     223 |  85.4 |       8 |       1 |  11.1
        D:4 |       2 |       0 |   0.0 |       1 |       0 |   0.0
            +---------+---------+-------+---------+---------+-------
